 Dungeon Crawl Stone Soup version 0.26.0-18-gc5c842f807 (webtiles) character file.

Game seed: 16223204015946073195

14334 teolandon225 the Unseen (level 11, -23/55 HPs)
             Began as a Spriggan Enchanter on Jan 23, 2021.
             Was a Believer of Dithmenos.
             Killed from afar by a fire dragon (41 damage)
             ... with a blast of flame
             ... on level 10 of the Dungeon.
             The game lasted 00:32:41 (19276 turns).

teolandon225 the Unseen (Spriggan Enchanter)       Turns: 19276, Time: 00:32:41

Health: -23/55     AC:  1    Str:  4    XL:     11   Next: 87%
Magic:  0/19       EV: 25    Int: 22    God:    Dithmenos [**....]
Gold:   1137       SH:  0    Dex: 17    Spells: 5/19 levels left

rFire    . . .     SeeInvis +   a - +2 dagger
rCold    . . .     Faith    .   (shield restricted)
rNeg     + . .     Spirit   +   v - +0 robe (curse)
rPois    .         Reflect  .   (helmet restricted)
rElec    .         Harm     .   (no cloak)
rCorr    +         Rampage  .   (gloves unavailable)
Will     +....                  (boots unavailable)
Stlth    ++++++++..             C - amulet of guardian spirit
HPRegen  0.18/turn              y - ring of positive energy
MPRegen  0.16/turn              z - ring of resist corrosion

@: wreathed by umbra, very quick
A: very small, unfitting armour, claws 1, horns 1, see invisible, clever 1,
deformed body, speed 3
a: Renounce Religion, Shadow Step


You were on level 10 of the Dungeon.
You worshipped Dithmenos.
Dithmenos was pleased with you.
You visited 2 branches of the dungeon, and saw 11 of its levels.
You also visited: Bailey.

You collected 1298 gold pieces.
You spent 161 gold pieces at shops.

Inventory:

Hand Weapons
 a - a +2 dagger (weapon)
 b - a +0 hunting sling
 w - the +1 quarterstaff "Penuob" {vorpal, Dex+3}
   (You found it on level 8 of the Dungeon)

   It inflicts extra damage upon your enemies.
   It affects your dexterity (+3).
 E - a +0 dagger of speed
Missiles
 o - 263 stones (quivered)
 B - 75 sling bullets
Armour
 m - a +0 robe
 v - a cursed +0 robe (worn)
Jewellery
 y - a ring of positive energy (left claw)
 z - a ring of resist corrosion (right claw)
 C - an amulet of guardian spirit (around neck)
Wands
 d - a wand of paralysis (8)
 e - a wand of acid (8)
 f - a wand of flame (15)
 x - a wand of random effects (24)
 A - a wand of iceblast (2)
 F - a wand of polymorph (11)
Scrolls
 c - a scroll of enchant weapon
 h - 2 scrolls of blinking
 k - 4 scrolls of magic mapping
 l - a scroll of fear
 p - a scroll of enchant armour {unknown}
 t - 5 scrolls of teleportation
 D - 4 scrolls of remove curse
 G - 2 scrolls of holy word {unknown}
 H - 2 scrolls of identify
 K - a scroll of silence {unknown}
Potions
 i - a potion of magic {unknown}
 j - 5 potions of curing
 n - a potion of cancellation {unknown}
 q - 2 potions of resistance {unknown}
 r - a potion of flight
 s - a potion of haste
 u - a potion of berserk rage {unknown}
 I - a potion of mutation
 J - a potion of brilliance {unknown}
 L - a potion of heal wounds
Miscellaneous
 g - a phantom mirror


   Skills:
 + Level 5.0 Fighting
 - Level 1.1 Short Blades
 - Level 9.2 Dodging
 * Level 17.9 Stealth
 + Level 4.8 Spellcasting
 - Level 13.5 Hexes
 + Level 4.5 Translocations


You had 5 spell levels left.
You knew the following spells:

 Your Spells              Type           Power        Failure   Level
a - Corona                Hex            66%          1%          1
b - Blink                 Tloc           N/A          2%          2
e - Tukima's Dance        Hex            60%          1%          3
q - Ensorcelled Hibernat  Hex/Ice        70%          1%          2
r - Dazzling Flash        Conj/Hex       70%          1%          3
w - Confusing Touch       Hex            60%          1%          3

Your spell library contained the following spells:

 Spells                   Type           Power        Failure   Level
 Slow                     Hex            60%          1%          2
 Animate Skeleton         Necr           10%          11%         1
 Magic Dart               Conj           20%          11%         1
 Pain                     Necr           20%          11%         1
 Shock                    Conj/Air       20%          11%         1
 Call Imp                 Summ           5%           16%         2
 Passwall                 Tmut/Erth      4%           16%         2
 Swiftness                Air            5%           16%         2
 Wereblood                Tmut           5%           16%         2
 Conjure Flame            Conj/Fire      5%           30%         3
 Mephitic Cloud           Conj/Pois/Air  5%           30%         3
 Static Discharge         Conj/Air       5%           30%         3
 Stone Arrow              Conj/Erth      10%          30%         3
 Vampiric Draining        Necr           2%           30%         3
 Airstrike                Air            2%           71%         4
 Animate Dead             Necr           2%           71%         4
 Ice Form                 Ice/Tmut       5%           71%         4
 Agony                    Necr           5%           96%         5
 Lightning Bolt           Conj/Air       2%           96%         5
 Iron Shot                Conj/Erth      2%           100%        6


Dungeon Overview and Level Annotations

Branches:
Dungeon (10/15)            Temple (1/1) D:4            Lair (0/6) D:10
 Bailey (visited)
    Orc: D:9-12

Altars:
Ashenzari
Cheibriados
Dithmenos
Elyvilon
Fedhas
Gozag
Hepliaklqana
Kikubaaqudgha
Makhleb
Nemelex Xobeh
Okawaru
Qazlal
Ru
Sif Muna
Trog
Uskayaw
Vehumet
Wu Jian
Xom
Yredelemnul
Zin
The Shining One

Shops:
D:5 *[[*(

Annotations:
D:5 2 transporters


Innate Abilities, Weirdness & Mutations

You are very small and have problems with some larger weapons.
You are too small for most types of armour.
You have supernaturally acute eyesight. (SInv)
You cover ground extremely quickly.
You have sharp fingernails.
You have a pair of small horns on your head.
Your mind is acute. (Int +2)
Armour fits poorly on your strangely shaped body.


Message History

Casting: Ensorcelled Hibernation (safe; 1% risk of failure)
Confirm with . or Enter, or press ? or * to list all spells.
Aiming: Ensorcelled Hibernation (safe; 1% risk of failure)
Press: ? - help, Shift-Dir - straight line, f - fire dragon
Aim: a fire dragon (wandering, hasn't noticed you, chance to affect: 28%)
The fire dragon roars deafeningly!
The fire dragon easily resists.
Casting: Ensorcelled Hibernation (safe; 1% risk of failure)
Confirm with . or Enter, or press ? or * to list all spells.
Aiming: Ensorcelled Hibernation (safe; 1% risk of failure)
Press: ? - help, Shift-Dir - straight line, f/p - fire dragon
Aim: a fire dragon (umbra, chance to affect: 28%)
The fire dragon easily resists.
The fire dragon breathes flames at you. The blast of flame hits you!!!
Ouch! That really hurt!
The fire dragon breathes flames at you. The blast of flame hits you!!!
Ouch! That really hurt!
You die...

#.......#...#........#
#.......#...#........#######
######.......#)).#........##>...#
.....'.......))..'........##.##.#
######.......#...#........##.#...
#..........#######'#.....#.#..#
###...##############D..###.#.#..#
......# ##.............# #...####
......###..)..).@......#######
#....###....###.###......#
##.......(.##.#.#.##.....######
.##..)....##..#.#..##........>#
#.####.####.[.#.#.[.##..#)#####
##.#.#...#....#.#....#..#.#
##.#...#.#####...#####..#.#
.##..#..................#.#
.###...#.#####.[.#####(.#.#


You could see a fire dragon (catching breath).

Vanquished Creatures
  2 boulder beetles (D:10)
  3 two-headed ogres
  An orc knight (Bailey)
  A harpy (D:10)
  A deep elf mage (D:10)
  An ugly thing (D:10)
  A gargoyle (D:10)
  2 centaur skeletons
  2 hornets
  4 trolls
  A slime creature (D:10)
  A meliai zombie (D:10)
  A vampire (D:10)
  A wyvern (D:8)
  A wraith (D:10)
  11 yaks
  8 orc warriors
  5 ice beasts
  5 sky beasts
  A phantom (D:8)
  4 centaurs
  4 ogres
  6 bullfrogs
  A gnoll sergeant (D:10)
  4 scorpions
  4 killer bees
  3 wights
  A howler monkey (D:5)
  An electric eel (D:6)
  A centaur zombie (D:10)
  3 bullfrog zombies
  5 orc priests
  3 hounds
  3 jellies
  4 bullfrog skeletons
  2 iguanas
  Jessica (D:2)
  5 orc wizards
  6 worker ants
  2 killer bee zombies
  3 hound zombies (D:6)
  A hound skeleton (D:6)
  Robin (D:4)
  4 gnolls
  10 adders
  12 river rats (D:5)
  A shadow imp (D:5)
  7 white imps
  2 oozes
  5 adder skeletons
  2 worms
  A dart slug (D:2)
  4 leopard geckos
  27 orcs
  A ball python (D:1)
  6 giant cockroaches
  19 goblins
  10 hobgoblins
  9 quokkas
  5 bats
  5 frilled lizards
  13 kobolds
  A leopard gecko skeleton (D:7)
  A leopard gecko zombie (D:8)
  29 rats
295 creatures vanquished.

Vanquished Creatures (collateral kills)
  4 wights
4 creatures vanquished.

Vanquished Creatures (others)
  16 fungi (D:1)
  6 plants (D:5)
22 creatures vanquished.

Grand Total: 321 creatures vanquished

Notes
Turn   | Place    | Note
-------+----------+-------------------------------------------
     0 | D:1      | teolandon225 the Spriggan Enchanter began the quest for the
                  | Orb.
     0 | D:1      | Reached XP level 1. HP: 9/9 MP: 5/5
   378 | D:1      | Reached XP level 2. HP: 6/13 MP: 4/6
   381 | D:1      | Learned a level 2 spell: Ensorcelled Hibernation
   831 | D:1      | Reached skill level 5 in Stealth
  1325 | D:2      | Reached XP level 3. HP: 16/16 MP: 8/8
  1329 | D:2      | Learned a level 3 spell: Confusing Touch
  1459 | D:2      | Noticed Jessica
  1469 | D:2      | Killed Jessica
  1470 | D:2      | Reached XP level 4. HP: 21/21 MP: 9/9
  1663 | D:2      | Reached skill level 6 in Stealth
  2000 | D:2      | Found a hide-covered altar of Uskayaw.
  2656 | D:3      | Reached skill level 5 in Hexes
  3159 | D:4      | Reached XP level 5. HP: 24/24 MP: 7/10
  3199 | D:4      | Found a staircase to the Ecumenical Temple.
  3205 | Temple   | Entered the Ecumenical Temple
  3664 | D:4      | Reached skill level 7 in Stealth
  3908 | D:4      | Noticed Robin
  4266 | D:4      | Killed Robin
  4461 | D:4      | Reached XP level 6. HP: 28/28 MP: 11/11
  4758 | D:5      | Entered Level 5 of the Dungeon
  4942 | D:5      | Found Wivo Xio's Weapon Shop.
  4967 | D:5      | Found Locou's Assorted Antiques.
  4974 | D:5      | Reached skill level 5 in Dodging
  4979 | D:5      | Bought a scroll labelled YDARGHY KULA for 23 gold pieces
  4979 | D:5      | Bought a scroll of teleportation for 69 gold pieces
  4979 | D:5      | Bought a scroll of teleportation for 69 gold pieces
  5118 | D:5      | Reached skill level 8 in Stealth
  5239 | D:5      | Found Rilaeg's Armour Emporium.
  5247 | D:5      | Found Mikeinid's Antique Armour Shoppe.
  5312 | D:5      | Found Nyf Fuet's Assorted Antiques.
  5333 | D:5      | Found a transporter.
  5339 | D:5      | Found a transporter.
  5357 | D:5      | Identified the +2 buckler of Articulation {Int+2}
  5395 | D:5      | Noticed an ice beast
  5419 | D:5      | Killed an ice beast
  5420 | D:5      | Reached XP level 7. HP: 32/32 MP: 7/12
  5809 | D:5      | Reached skill level 9 in Stealth
  8057 | D:6      | Reached skill level 10 in Stealth
  8103 | D:6      | Reached XP level 8. HP: 36/36 MP: 13/13
  8716 | D:7      | Reached skill level 11 in Stealth
  8806 | D:7      | Noticed a troll
  8815 | D:7      | Killed a troll
  9347 | D:7      | Reached skill level 12 in Stealth
  9347 | D:7      | Reached XP level 9. HP: 39/39 MP: 11/14
 10040 | D:7      | Found a basalt altar of Yredelemnul.
 10157 | D:7      | Reached skill level 10 in Hexes
 10624 | D:9      | Found a flagged portal.
 10633 | Bailey   | Entered a bailey
 10736 | Bailey   | Gained mutation: You have a pair of small horns on your
                  | head. [potion of mutation]
 10736 | Bailey   | Gained mutation: You have sharp fingernails. [potion of
                  | mutation]
 10736 | Bailey   | Gained mutation: Armour fits poorly on your strangely
                  | shaped body. [potion of mutation]
 10736 | Bailey   | Gained mutation: Your mind is acute. (Int +2) [potion of
                  | mutation]
 10963 | Bailey   | Noticed an orc knight
 10973 | Bailey   | Killed an orc knight
 10974 | Bailey   | Reached skill level 13 in Stealth
 11572 | D:6      | Learned a level 3 spell: Tukima's Dance
 11576 | D:6      | Learned a level 3 spell: Dazzling Flash
 11654 | D:7      | Found a basalt altar of Yredelemnul.
 12481 | D:7      | Reached skill level 1 in Fighting
 12780 | D:9      | Reached skill level 14 in Stealth
 13231 | D:8      | Reached XP level 10. HP: 43/45 MP: 12/15
 13931 | D:9      | Found a sparkling altar of Nemelex Xobeh.
 13931 | D:9      | Found a faded altar of an unknown god.
 13936 | D:9      | Found a bloodstained altar of Trog.
 13938 | D:9      | Found a shadowy altar of Dithmenos.
 13940 | D:9      | Found a burning altar of Makhleb.
 13944 | D:9      | Became a worshipper of Dithmenos the Shadowed
 14355 | D:8      | Noticed a two-headed ogre
 14567 | D:8      | Killed a two-headed ogre
 14568 | D:8      | Reached skill level 15 in Stealth
 15035 | D:8      | Got a brightly glowing quarterstaff
 15136 | D:8      | Identified the +1 quarterstaff "Penuob" {vorpal, Dex+3}
                  | (You found it on level 8 of the Dungeon)
 15899 | D:10     | Entered Level 10 of the Dungeon
 15922 | D:10     | Reached * piety under Dithmenos
 15990 | D:10     | Reached skill level 16 in Stealth
 16042 | D:10     | Reached XP level 11. HP: 52/52 MP: 8/16
 17196 | D:9      | Found a sparkling altar of Nemelex Xobeh.
 17196 | D:9      | Found a faded altar of an unknown god.
 17201 | D:9      | Found a bloodstained altar of Trog.
 17203 | D:9      | Found a burning altar of Makhleb.
 17205 | D:9      | Found a shadowy altar of Dithmenos.
 17568 | D:10     | Noticed a harpy
 17568 | D:10     | Noticed a boulder beetle
 18040 | D:10     | Killed a boulder beetle
 18117 | D:10     | Learned a level 2 spell: Blink
 18184 | D:10     | Found a staircase to the Lair.
 18241 | D:10     | Noticed a two-headed ogre
 18264 | D:10     | Killed a harpy
 18265 | D:10     | Reached skill level 1 in Translocations
 18369 | D:10     | Reached skill level 17 in Stealth
 18421 | D:10     | Noticed a two-headed ogre
 18423 | D:10     | Killed a two-headed ogre
 18428 | D:10     | Killed a two-headed ogre
 18433 | D:10     | Reached ** piety under Dithmenos
 18497 | D:10     | Noticed a boulder beetle
 18513 | D:10     | Killed a boulder beetle
 18634 | D:10     | Noticed a deep elf mage
 18635 | D:10     | Noticed a fire dragon
 18639 | D:10     | Killed a deep elf mage
 18751 | D:10     | Noticed a white ugly thing
 18768 | D:10     | Killed a white ugly thing
 18769 | D:10     | Reached skill level 5 in Fighting
 19050 | D:10     | Identified the Catalogue of Shape Shifting and the
                  | Mountains
 19276 | D:10     | Killed from afar by a fire dragon

Illustrated notes

Levels and vault maps discovered:
D:1:      scummos_arrival_checkerplants, layout_loops_cross, st_stairs_6
D:2:      layout_loops_ring, lemuel_crystal_altar, uniq_jessica
D:3:      layout_basic, serial_glass, glass_columns_a, glass_columns_a,
          glass_columns_a
D:4:      layout_loops_ring, minmay_temple_entry_waves, uniq_robin
D:5:      lemuel_ratsnest, layout_gridville, serial_shops, shop, shop,
          shop_statue, shop, shop, gammafunk_ghost_gnarly_gnolls,
          grunt_ministairs_15
D:6:      layout_loops_corners, serial_bayou_lagoon_a
D:7:      layout_basic, lemuel_round_altar
D:8:      layout_cave_pools
D:9:      layout_rooms, chequers_temple_overflow_minitemple, enter_bailey_6,
          grunt_decor_mini_mirrors
D:10:     minmay_the_grid_octo_tiled_octocenter
          [minmay_the_grid_octo_concentric, minmay_the_grid_octo_checkerflower,
          minmay_the_grid_octo_fan_narrow, minmay_the_grid_octo_clover,
          minmay_the_grid_octo_prize_single_spiral,
          minmay_the_grid_square_5x5_percent,
          minmay_the_grid_square_5x5_tri_point,
          minmay_the_grid_square_5x5_checkered_sparse,
          minmay_the_grid_square_5x5_inner_i], layout_basic
Temple:   eino_temple_scatter_basement

Skill      XL: |  1  2  3  4  5  6  7  8  9 10 11 |
---------------+----------------------------------+-----
Hexes          | 4 5 6 8 9 11 12 13 | 13.5
Stealth        | 5 6 7 8 10 12 14 16 17 | 17.9
Dodging        | 4 5 6 8 9 |  9.2
Fighting       | 1 3 5 |  5.0
Spellcasting   | 4 |  4.8
Translocations | 4 |  4.5
Short Blades   | |  1.1

Action                   |  1- 3 |  4- 6 |  7- 9 | 10-12 || total
-------------------------+-------+-------+-------+-------++-------
Melee: Dagger            |    71 |   131 |   378 |   253 ||   833
       Headbutt          |       |       |    10 |    45 ||    55
Throw: Stone             |       |       |     1 |       ||     1
 Cast: Corona            |     7 |       |       |       ||     7
       Ensorcelled Hiber |    13 |    48 |   128 |    83 ||   272
       Confusing Touch   |       |     5 |    23 |    23 ||    51
       Tukima's Dance    |       |       |    10 |       ||    10
       Dazzling Flash    |       |       |     1 |     4 ||     5
  Use: Scroll            |       |    11 |     5 |       ||    16
       Potion            |       |       |    13 |     3 ||    16
 Stab: Sleeping          |    18 |    47 |    91 |    67 ||   223
       Confused          |       |     5 |    17 |    26 ||    48
       Invisible         |       |       |    12 |     4 ||    16
Armor: Robe              |     6 |    10 |     4 |     5 ||    25
       Skin              |       |       |    33 |       ||    33
Dodge: Dodged            |    63 |    94 |   447 |   202 ||   806
